 Dungeon Crawl Stone Soup version 0.17.1-2-g5865329 (webtiles) character file.

343 ololoev the Chopper (level 6, 3/51 HPs)
             Began as a Demonspawn Fighter on Feb 10, 2016.
             Quit the game on level 4 of the Dungeon.
             The game lasted 00:06:37 (1114 turns).

ololoev the Chopper (Demonspawn Fighter)            Turns: 1114, Time: 00:06:38

Health: 3/51       AC:  7    Str: 16      XL:     6   Next: 31%
Magic:  6/6        EV:  6    Int:  8 (9)  God:
Gold:   208        SH:  8    Dex: 13      Spells: 0 memorised, 5 levels left

rFire  + . .     SeeInvis .     a - +0 war axe
rCold  x . .     Clarity  .     b - +0 scale mail
rNeg   . . .     SustAt   .     c - +0 shield
rPois  +         Gourm    .     (helmet restricted)
rElec  +         Spirit   .     (no cloak)
rCorr  .         Warding  .     (no gloves)
rMut   .         Stasis   .     (no boots)
MR     .....                    (no amulet)
Stlth  ..........               s - ring of fire
                                f - ring of poison resistance

@: not resistant to hostile enchantments, extremely unstealthy
A: claws 2, horns 1, deterioration 1, robust 1, electricity resistance, weak 1,
subdued magic 1, MP-powered wands
a: no special abilities


Innate Abilities, Weirdness & Mutations

You have very sharp fingernails.
You have a pair of small horns on your head.
Your body sometimes deteriorates upon taking damage.
You are robust (+10% HP).
You are resistant to electric shocks.
You are weak. (Str -2)
Your spells are a little easier to cast, but a little less powerful.
You expend magic power (3 MP) to strengthen your wands.

Inventory:

Hand Weapons
 a - a +0 war axe (weapon)
Armour
 b - a +0 scale mail (worn)
 c - a +0 shield (worn)
Jewellery
 f - a ring of poison resistance (left claw)
 k - an uncursed ring of sustain attributes
 s - a ring of fire (right claw)
Wands
 o - a wand of random effects (24)
Scrolls
 d - 4 scrolls of identify {unknown}
 g - a scroll of teleportation {unknown}
 i - a scroll of enchant weapon {unknown}
 j - 3 scrolls of recharging {unknown}
 l - a scroll of random uselessness {unknown}
 m - 2 scrolls of remove curse {unknown}
 p - a scroll of immolation {unknown}
 q - 3 scrolls of enchant armour {unknown}
Comestibles
 e - 2 bread rations
 t - 4 chunks of flesh


   Skills:
 - Level 3.0 Fighting
 * Level 5.2 Axes
 + Level 4.2 Armour
 - Level 2.6 Shields


You had 5 spell levels left.
You didn't know any spells.


You were on level 4 of the Dungeon.
You were not hungry.

You visited 1 branch of the dungeon, and saw 6 of its levels.

You collected 208 gold pieces.

## #.# ## ..### #..#
##.### ....### ..#
##....## ......##..#
#...... .........#
##....# .........#
#.....## ........##
#..@W..## ........#
##.......## .......##
###.........#
........###.......####.#
...#.............## #
..##............##
.##...##........#
##...####>.....## #...##
##....##

Notes
Turn   | Place    | Note
--------------------------------------------------------------
     0 | D:1      | ololoev the Demonspawn Fighter began the quest for the Orb.
     0 | D:1      | Reached XP level 1. HP: 18/18 MP: 1/1
    62 | D:2      | Found a shimmering altar of Xom.
    68 | D:2      | Gained mutation: You have sharp fingernails. [demonic ancestry]
    68 | D:2      | Reached XP level 2. HP: 21/24 MP: 2/2
   219 | D:2      | Reached XP level 3. HP: 19/29 MP: 3/3
   396 | D:2      | Found a shimmering altar of Xom.
   461 | D:3      | Gained mutation: You have very sharp fingernails. [demonic ancestry]
   461 | D:3      | Reached XP level 4. HP: 27/35 MP: 4/4
   708 | D:4      | Reached skill level 4 in Axes
   723 | D:5      | Entered Level 5 of the Dungeon
   766 | D:5      | Reached XP level 5. HP: 25/41 MP: 5/5
   946 | D:5      | Noticed a sky beast
   975 | D:5      | Gained mutation: You are robust (+10% HP). [potion of mutation]
   975 | D:5      | Gained mutation: Your body sometimes deteriorates upon taking damage. [potion of mutation]
   975 | D:5      | Gained mutation: You expend magic power (3 MP) to strengthen your wands. [potion of mutation]
   984 | D:5      | Killed a sky beast
   984 | D:5      | Reached skill level 5 in Axes
   984 | D:5      | Reached XP level 6. HP: 4/51 MP: 6/6
   990 | D:5      | Gained mutation: You are resistant to electric shocks. [mutagenic meat]
   991 | D:5      | Gained mutation: Your spells are a little easier to cast, but a little less powerful. [mutagenic meat]
   992 | D:5      | Gained mutation: You are weak. (Str -2) [mutagenic meat]
   993 | D:5      | Gained mutation: You have a pair of small horns on your head. [mutagenic meat]
  1091 | D:4      | Noticed a phantom
  1093 | D:4      | Found a snail-covered altar of Cheibriados.
  1114 | D:4      | Quit the game

Dungeon Overview and Level Annotations

Branches:
Dungeon (6/15)
 Temple: D:4-7

Altars:
Cheibriados
Xom


Message History

d - 3 scrolls labeled OSSUGA XIFUUTE (gained 1)
A phantom comes into view.
The phantom blinks!
Found a snail-covered altar of Cheibriados.
d - 4 scrolls labeled OSSUGA XIFUUTE (gained 1)
You slash the phantom! Your headbutt misses the phantom.
The phantom is moderately damaged.
The phantom hits you but does no damage.
The phantom hits you!
The phantom blinks!
The phantom hits you.
You hit the phantom.
The phantom is moderately damaged.
The phantom hits you but does no damage.
Your shield and scale mail prevent you from hitting the phantom.
Your headbutt misses the phantom.
The phantom is moderately damaged.
The phantom hits you but does no damage.
You miss the phantom.
The phantom is moderately damaged.
The phantom hits you but does no damage.
The phantom blinks!
The phantom hits you.
The phantom blinks!
The phantom blinks!
You aren't carrying any potions.
Unknown command.
You hit the phantom but do no damage. Your headbutt misses the phantom.
The phantom is moderately damaged.
You block the phantom's attack.
You hit the phantom but do no damage. You headbutt the phantom.
The phantom is moderately damaged.
The phantom hits you!
Your body deteriorates!
You feel dopey.
The phantom hits you but does no damage.
You closely miss the phantom.
The phantom is moderately damaged.
The phantom hits you but does no damage.
You hit the phantom.
The phantom is moderately damaged.
You block the phantom's attack.
Are you sure you want to abandon this character and quit the game? (Confirm with "yes".)

You could see a phantom.

Vanquished Creatures
  A sky beast (D:5)
  A crimson imp (D:5)
  A hound (D:4)
  An orc wizard (D:5)
  A worker ant (D:5)
  A worker ant zombie (D:3)
  3 gnolls (D:2)
  4 adders
  An ooze (D:2)
  An adder zombie (D:5)
  A worm (D:4)
  4 giant geckos
  3 orcs (D:5)
  A giant cockroach (D:2)
  A goblin (D:2)
  4 jackals
  2 quokkas
  A ball python (D:4)
  A ball python skeleton (D:4)
  2 bats
  A giant gecko skeleton (D:4)
  2 giant newts (D:2)
  2 kobolds
  A quokka zombie (D:5)
  8 rats
  A butterfly (D:2)
50 creatures vanquished.

Action                   |  1- 3 |  4- 6 || total
-------------------------+-------+-------++-------
Melee: War axe           |    70 |   171 ||   241
Evoke: Wand              |     1 |       ||     1
  Use: Potion            |     2 |     7 ||     9
  Eat: Chunk             |       |     6 ||     6

Vault maps used:
D:1:      dpeg_arrival_connections, minivault_11, hangedman_feature_mirror
D:2:      minmay_kobold_bridge, xom_butterflies, tgw_xom
D:3:      grunt_temple_overflow_cloverleaf, uniq_jessica
D:4:      grunt_ministairs_14, cheibriados_altar_1
D:5:      kennysheep_six_static_rooms, first_bread, minmay_misc_feat_roman
D:6:      temple_statues, serial_shops, shop_coins
